 Dungeon Crawl Stone Soup version 0.18-a0-1805-g8ab820f (webtiles) character file.

84 SkaryMonk the Cutter (level 4, -4/27 HPs)
             Began as an Octopode Enchanter on Apr 26, 2016.
             Killed from afar by Sigmund (8 damage)
             ... with a puff of flame
             ... on level 2 of the Dungeon.
             The game lasted 00:04:34 (1832 turns).

SkaryMonk the Cutter (Octopode Enchanter)           Turns: 1832, Time: 00:04:35

Health: -4/27      AC:  1    Str:  7    XL:     4   Next: 45%
Magic:  4/7        EV: 12    Int: 17    God:
Gold:   132        SH:  0    Dex: 13    Spells: 2 memorised, 4 levels left

rFire  . . .     SeeInvis .     a - +1 dagger
rCold  . . .     Gourm    .     (no shield)
rNeg   . . .     Faith    .     (helmet restricted)
rPois  .         Spirit   .     (no amulet)
rElec  .         Dismiss  .     (no ring)
rCorr  .         Reflect  .     (no ring)
SustAt .         Harm     .     (no ring)
MR     .....                    (no ring)
Stlth  ++++......               (no ring)
                                (no ring)
                                (no ring)
                                (no ring)

@: exhausted, slowed, very slow, not resistant to hostile enchantments, stealthy
A: almost no armour, amphibious, 8 rings, constrict 8, camouflage 1, gelatinous
body 1
a: no special abilities


You were on level 2 of the Dungeon.
You were hungry.

You visited 1 branch of the dungeon, and saw 2 of its levels.

You collected 132 gold pieces.

Notes
Turn   | Place    | Note
--------------------------------------------------------------
     0 | D:1      | SkaryMonk the Octopode Enchanter began the quest for the Orb.
     0 | D:1      | Reached XP level 1. HP: 11/11 MP: 3/3
   572 | D:1      | Reached XP level 2. HP: 12/17 MP: 5/5
   929 | D:1      | Learned a level 2 spell: Ensorcelled Hibernation
   979 | D:1      | Reached XP level 3. HP: 21/21 MP: 6/6
  1618 | D:2      | Found a shimmering altar of Xom.
  1717 | D:2      | Noticed Terence
  1724 | D:2      | Reached XP level 4. HP: 27/27 MP: 7/7
  1734 | D:2      | Killed Terence
  1811 | D:2      | Noticed Sigmund
  1832 | D:2      | Killed from afar by Sigmund

Inventory:

Hand Weapons
 a - a +1 dagger (weapon)
Armour
 p - a cursed +0 buckler
Jewellery
 l - an uncursed ring of poison resistance {unknown}
 m - an uncursed ring of stealth {unknown}
Scrolls
 d - a scroll of fog {unknown}
 e - a scroll of teleportation {unknown}
 h - 3 scrolls of remove curse {unknown}
 j - a scroll of immolation {unknown}
 o - a scroll of enchant weapon {unknown}
Potions
 f - a potion of haste {unknown}
 k - a potion of curing {unknown}
 n - a potion of berserk rage
Books
 b - a book of Maledictions

   Spells                             Type                      Level
   a - Corona                         Hexes                        1
   b - Ensorcelled Hibernation        Hexes/Ice                    2
   c - Confuse                        Hexes                        3
   d - Tukima's Dance                 Hexes                        3
   e - Dazzling Spray                 Conjuration/Hexes            3
Comestibles
 c - 2 bread rations
 g - 2 meat rations
 i - 8 chunks of flesh

Table legend:
 A = Turns spent in this place as a percentage of turns spent in the entire game.
 B = Non-inter-level travel turns spent in this place as a percentage of non-inter-level travel turns spent in the entire game.
 C = Inter-level travel turns spent in this place as a percentage of turns spent in this place.
 D = Turns resting spent in this place as a percentage of non-inter-level travel turns spent in this place.
 E = Turns spent auto-exploring this place as a percentage of non-inter-level travel turns spent in this place.
 F = Non-inter-level travel turns spent in this place divided by the number of levels of this place that you've seen.
                   A       B       C       D       E      F
               +-------+-------+-------+-------+-------+----------------------
         Total | 100.0 | 100.0 |   0.5 |   4.6 |  13.7 | 197.0
       Dungeon | 100.0 | 100.0 |   0.5 |   4.6 |  13.7 | 197.0
               +-------+-------+-------+-------+-------+----------------------


   Skills:
 + Level 4.1 Short Blades
 - Level 2.0 Dodging
 - Level 4.0 Stealth
 - Level 2.0 Spellcasting
 - Level 3.0 Hexes


You had 4 spell levels left.
You knew the following spells:

 Your Spells              Type           Power        Failure   Level  Hunger
a - Corona                Hex            ##.....      6%          1    #......
b - Ensorcelled Hibernat  Hex/Ice        #.....       17%         2    ###....


Dungeon Overview and Level Annotations

Branches:
Dungeon (2/15)

Altars:
Xom

Annotations:
D:2 Sigmund


Innate Abilities, Weirdness & Mutations

You cannot wear most types of armour.
You are amphibious.
You can wear up to eight rings at the same time.
You can use your tentacles to constrict eight enemies at once.
Your skin changes colour to match your surroundings (Stealth).
Your rubbery body absorbs attacks (AC +1).


Message History

Aiming: Ensorcelled Hibernation
Press: ? - help, Shift-Dir - straight line, f/p - Sigmund
Aim: Sigmund, wielding a scythe and wearing a robe (lightly wounded, chance to defeat MR: 47%) Sigmund looks drowsy...
The helpless Sigmund fails to defend himself.
You impale Sigmund!! Your grab misses Sigmund. Your squeeze misses Sigmund.
Sigmund is severely wounded.
Sigmund points at you and mumbles some strange words.
The magic dart hits you!
* * * LOW HITPOINT WARNING * * *
Casting: Ensorcelled Hibernation
Confirm with . or Enter, or press ? or * to list all spells.
Okay, then.
Unknown command.
Unknown command.
You barely miss Sigmund. Your grab misses Sigmund. You squeeze Sigmund!
Sigmund is almost dead.
Sigmund casts a spell at you. The puff of flame hits you!
You die...

... ....# #..#(....#####.##.
... ....###..#.....# #.##.
... ........#.....# #.##.
#..#..# #..#...[.#####.##.
.##..#..###.>...............
.........................##.
#).#..###...#.####.#### #.
#......##...#.# #.# #.
##.#...##@@.#.# #.######.
.........#.###.####........
.................##........
##.............#.##........
#...##.##.#####.##........
#... #.##.# #.........###.
..... #.##.# #.........###.
. ##..
##.##.###............. ..
#.......'..........##.


You could see Sigmund.

Table legend:
 A = Kills in this place as a percentage of kills in entire the game.
 B = Kills by you in this place as a percentage of kills by you in the entire game.
 C = Kills by friends in this place as a percentage of kills by friends in the entire game.
 D = Other kills in this place as a percentage of other kills in the entire game.
 E = Experience gained in this place as a percentage of experience gained in the entire game.
 F = Experience gained in this place divided by the number of levels of this place that you have seen.
                   A       B       C       D       E      F
               +-------+-------+-------+-------+-------+----------------------
         Total | 100.0 | 100.0 |  -nan |  -nan | 100.0 |  60.0
       Dungeon | 100.0 | 100.0 |  -nan |  -nan | 100.0 |  60.0
               +-------+-------+-------+-------+-------+----------------------

Vanquished Creatures
  Terence (D:2)
  An adder (D:2)
  An ooze (D:2)
  A worm (D:2)
  3 dart slugs
  3 giant geckos
  3 giant cockroaches (D:1)
  2 goblins
  6 hobgoblins
  A quokka (D:2)
  3 bats
  2 giant newts
  5 kobolds
  3 rats
35 creatures vanquished.

Action                   |  1- 3 |  4- 6 || total
-------------------------+-------+-------++-------
Melee: Dagger            |    58 |     4 ||    62
       Constrict         |    12 |     1 ||    13
       Tentacles         |     9 |     1 ||    10
 Cast: Ensorcelled Hiber |     1 |     3 ||     4
  Use: Potion            |       |     1 ||     1
 Stab: Sleeping          |    17 |     2 ||    19
  Eat: Chunk             |     2 |     1 ||     3
Armor: Skin              |     1 |       ||     1
Dodge: Dodged            |    16 |     3 ||    19

Vault maps used:
D:1:      onia_arrival_pentagram
D:2:      marbit_many_paths, uniq_terence, uniq_sigmund
